 Dungeon Crawl Stone Soup version 0.30.1-11-g7821555f0a (webtiles) character file.

Game seed: 14810049237843103656

59 lonewolfV2 the Gusty (level 3, -2/14 HPs)
             Began as a Felid Air Elementalist on Nov 3, 2023.
             Slain by Robin
             ... wielding a +0 mace
              (5 damage)
             ... on level 2 of the Dungeon.
             The game lasted 00:07:24 (2409 turns).

lonewolfV2 the Gusty (Felid Air Elementalist)       Turns: 2409, Time: 00:07:24

Health: -2/14      AC:  1    Str:  4    XL:     3   Next: 78%
Magic:  1/8        EV: 17    Int: 18    God:
Gold:   98         SH:  0    Dex: 16    Spells: 5/8 levels left
                                        Lives:  0   Deaths: 0

rFire   . . .        (weapon unavailable)
rCold   . . .        (shield unavailable)
rNeg    . . .        (body armour unavailable)
rPois   .            (helmet unavailable)
rElec   .            (cloak unavailable)
rCorr   .            (gloves unavailable)
SInv    +            (boots unavailable)
Will    .....        (no amulet)
Stlth   ++           (no ring)
HPRegen 0.22/turn    (no ring)
MPRegen 0.11/turn

%: no passive effects
@: quick
A: very small, claws 1, fangs 3, see invisible, speed 1, shaggy fur 1, stealthy
paws, no weapons or thrown items, no armour, multi-lived
a: no special abilities


You were on level 2 of the Dungeon.
You visited 1 branch of the dungeon, and saw 2 of its levels.

You collected 98 gold pieces.

Inventory:

Potions
 a - a potion of magic
 b - 2 potions of curing
 c - a potion of flight {unknown}
 d - 2 potions of invisibility {unknown}
 e - 2 potions of degeneration {unknown}


   Skills:
 - Level 3.0 Dodging
 - Level 3.1 Stealth
 * Level 3.0 Spellcasting
 - Level 1.2 Conjurations
 + Level 3.2 Air Magic


You had 5 spell levels left.
You knew the following spells:

 Your Spells              Type           Power      Damage    Failure   Level
a - Shock                 Conj/Air       40%        1d5       7%          1
b - Static Discharge      Conj/Air       20%        2-3/arc   10%         2

Your spell library contained the following spells:

 Spells                   Type           Power      Damage    Failure   Level
 Swiftness                Air            14%        N/A       13%         3
 Airstrike                Air            7%         2d(1-17)  41%         4


Dungeon Overview and Level Annotations

Branches:
Dungeon (2/15)

Altars:

Annotations:
D:2 Robin


Innate Abilities, Weirdness & Mutations

You have sharp claws.
You have razor-sharp teeth.
You have supernaturally acute eyesight. (SInv)
You cover ground quickly. (Speed+)
You are covered in fur. (AC +1)
Your paws help you pounce on unaware monsters.
You are incapable of wielding weapons or throwing items.
You cannot wear armour.
You gain extra lives every three experience levels.


Message History

Robin throws the goblin at you!
Casting: Shock (safe; 7% risk of failure)
Confirm with . or Enter, or press ? or * to list all spells.
Aiming: Shock (safe; 7% risk of failure)
Press: ? - help, Shift-Dir - straight line, f - goblin
Aim: a goblin, wielding a +0 dagger (strong, 60% to hit)
The zap hits the goblin.
The goblin is moderately wounded.
The goblin hits you with a +0 dagger.
Casting: Shock (safe; 7% risk of failure)
Confirm with . or Enter, or press ? or * to list all spells.
You don't have enough magic to cast this spell.
You scratch the goblin.
The goblin is heavily wounded.
The goblin barely misses you.
You closely miss the goblin. You bite the goblin.
You kill the goblin!
The goblin closely misses you.
Your Spellcasting skill increases to level 3!
Robin throws the goblin at you! The goblin misses you.
You see here a +0 dagger.
You scratch the goblin.
You kill the goblin!
Robin hits you with a +0 mace.
Your magical contamination has completely faded away.
Things that are here:
a +0 dagger; a goblin corpse Robin says, "My goblins will feast on your bones."
You completely miss Robin.
Robin is lightly wounded.
Robin barely misses you.
You scratch Robin but do no damage.
Robin is lightly wounded.
Robin hits you with a +0 mace!
Ouch! That really hurt!
* * * LOW HITPOINT WARNING * * *
You scratch Robin. You bite Robin.
Robin is moderately wounded.
Robin hits you with a +0 mace.
You die...

..#......#.# #
##.#.##.#.#.# # .
#.#....#.#.### ..
#.#..#.#.#.#.) ...
#.#........÷.# ....
#.#......#.###
...))####
#.#......#.#
..).....#####
#.#.†#.#†#.# #.)gg@#
#.#..#.#.#.#
#####.###.)..#...#.#
#..##..#.#####.#
##..#..#.......#
##.#.##########
#...# ###># ###


You could see Robin and a hobgoblin (strong).

Vanquished Creatures
  An adder (D:2)
  A worm (D:1)
  2 endoplasms (D:1)
  3 giant cockroaches
  12 goblins
  2 hobgoblins (D:2)
  4 jackals
  5 ball pythons
  6 bats
  4 frilled lizards
  A kobold (D:1)
  3 rats (D:1)
44 creatures vanquished.

Notes
Turn   | Place    | Note
-------+----------+-------------------------------------------
     0 | D:1      | lonewolfV2 the Felid Air Elementalist began the quest for
                  | the Orb.
     0 | D:1      | Reached XP level 1. HP: 7/7 MP: 4/4
    84 | D:1      | Reached skill level 1 in Conjurations
   511 | D:1      | Reached XP level 2. HP: 11/11 MP: 3/6
   855 | D:1      | Learned a level 2 spell: Static Discharge
  1950 | D:1      | Reached XP level 3. HP: 5/14 MP: 1/7
  2392 | D:2      | Noticed Robin
  2409 | D:2      | Slain by Robin

Illustrated notes

Levels and vault maps discovered:
D:1:      scummos_arrival_simple_fountains, layout_rooms
D:2:      layout_basic, serial_shops, nicolae_shop_tiny_real_fake_doors,
          uniq_robin

Skill      XL: |  1  2  3 |
---------------+----------+-----
Conjurations   | 1 |  1.2
Stealth        | 3 |  3.1
Dodging        | 3 |  3.0
Air Magic      | 3 |  3.2
Spellcasting   | 3 |  3.0

Action                     || total
---------------------------++-------
  Melee: Unarmed           ||    16
         Punch             ||     1
         Bite              ||     2
   Cast: Shock             ||    85
         Static Discharge  ||    14
    Use: Scroll            ||     2
 Armour: Skin              ||     4
  Dodge: Dodged            ||    52
